Map: Lightshade LE

Players

SLicKcHeeZEE - Winner!

  • Race: Zerg Zerg

A.I. 1 (Elite)

  • Race: Terran Terran

VOD

Have the link to the VOD?

Description

Time

  • Played on: Sept. 12, 2026, 2:04 p.m.
  • Length: 14:12
Show
View Real Time Build Order
Export as new Build Order

SLicKcHeeZEE Zerg - Winner!

Build Orders: Hatch First, Roach Hydra 

Get SALT Encoding   

  8  0:00  Drone  
  9  0:10  Drone  
  10  0:16  Drone  
  11  0:27  Overlord  
  11  0:33  Drone  
  12  0:45  Drone x2  
  14  0:51  Drone  
  15  1:12  Hatchery  
  15  1:15  Drone  
  15  1:19  Drone  
  16  1:35  Spawning Pool  
  16  1:37  Extractor  
  15  1:40  Drone  
  15  1:44  Drone  
  16  1:47  Drone  
  16  1:51  Drone  
  18  2:00  Overlord  
  18  2:10  Drone  
  19  2:21  Queen  
  21  2:26  Queen  
  23  2:31  Drone  
  23  2:35  Drone  
  25  2:40  Overlord  
  25  2:44  Drone  
  25  2:48  Drone  
  25  2:51  Drone  
  28  2:54  Drone  
  29  3:03  Lair  
  29  3:11  Roach Warren  
  28  3:14  Drone  
  29  3:20  Overlord  
  29  3:22  Drone  
  29  3:25  Drone  
  31  3:29  Drone  
  31  3:30  Drone  
  33  3:36  Drone x2  
  33  3:37  Drone  
  36  3:45  Overlord  
  36  3:51  Roach x2  
  36  3:52  Roach  
  36  3:54  Roach  
  44  4:02  Hydralisk Den  
  43  4:06  Extractor, Drone x2  
  43  4:07  Drone  
  45  4:13  Extractor  
  45  4:14  Drone x3  
  47  4:29  Overlord  
  47  4:31  Hatchery  
  46  4:32  Hydralisk  
  46  4:37  Hydralisk  
  50  4:45  Evolution Chamber  
  49  4:48  Evolution Chamber  
  49  4:52  Drone x3  
  51  4:53  Drone  
  51  4:55  Drone  
  53  5:03  Drone  
  53  5:04  Drone x3  
  57  5:14  Extractor  
  57  5:15  Drone x2  
  57  5:16  Drone  
  59  5:25  Glial Reconstitution  
  59  5:26  Grooved Spines  
  59  5:27  Zerg Missile Weapons Level 1  
  59  5:28  Zerg Ground Armor Level 1  
  59  5:31  Overlord  
  59  5:36  Roach x2  
  63  5:45  Hydralisk x2  
  67  5:53  Queen  
  69  6:03  Roach  
  69  6:04  Roach x2  
  75  6:06  Overlord  
  75  6:07  Overlord  
  75  6:21  Muscular Augments  
  75  6:28  Roach x3  
  75  6:29  Roach, Hydralisk x3  
  75  6:30  Hydralisk  
  75  6:31  Overlord  
  91  6:47  Drone  
  91  6:50  Drone x5  
  91  6:52  Overlord  
  91  6:53  Overlord  
  97  7:07  Ravager x3  
  100  7:09  Overlord  
  100  7:22  Overlord  
  100  7:23  Overlord  
  100  7:28  Zerg Missile Weapons Level 2  
  100  7:29  Zerg Ground Armor Level 2  
  100  7:44  Roach x5  
  108  7:45  Roach  
  108  7:46  Hydralisk x4  
  120  8:09  Roach x3  
  120  8:10  Roach x2, Hydralisk x3  
  120  8:11  Hydralisk  
  138  8:21  Hatchery  
  137  8:32  Overlord x2  
  137  8:33  Overlord  
  129  8:48  Infestation Pit  
  104  9:07  Roach  
  104  9:08  Roach x16  
  138  10:01  Queen  
  138  10:03  Overlord x3  
  71  11:05  Hydralisk x9  
  71  11:06  Hydralisk x18  
  109  11:42  Drone x3  
  102  12:20  Roach x4  
  102  12:21  Roach x24  
Show
View Real Time Build Order
Export as new Build Order

A.I. 1 (Elite) Terran 

Build Orders:  

Get SALT Encoding   

  8  0:00  SCV  
  9  0:13  SCV  
  10  0:25  SCV  
  11  0:37  SCV  
  12  0:46  Supply Depot  
  12  0:49  SCV  
  13  1:08  SCV  
  14  1:13  Barracks  
  14  1:20  SCV  
  15  1:32  SCV  
  16  1:44  SCV  
  17  1:51  Supply Depot  
  17  1:56  SCV  
  17  1:57  Refinery  
  17  2:00  Marine  
  19  2:08  SCV  
  20  2:18  Marine  
  20  2:19  Barracks  
  20  2:20  SCV  
  22  2:28  Refinery  
  22  2:33  SCV  
  22  2:35  Marine  
  24  2:45  SCV, Supply Depot  
  25  2:53  Marine  
  25  2:57  SCV  
  27  3:06  Marine  
  27  3:08  Factory  
  27  3:09  SCV  
  29  3:21  Orbital Command  
  29  3:22  Barracks Tech Lab  
  29  3:25  Barracks Tech Lab  
  29  3:41  Marine  
  30  3:43  Marine  
  30  3:47  SCV  
  32  3:50  Supply Depot  
  32  3:57  Starport  
  32  3:59  SCV  
  32  4:00  Marine  
  32  4:01  Stimpack  
  34  4:03  Marine  
  35  4:20  Supply Depot  
  35  4:22  Marine  
  35  4:23  Marine  
  37  4:27  SCV  
  38  4:34  Medivac, Supply Depot  
  40  4:39  Combat Shield  
  40  4:44  Marauder  
  42  4:48  Marauder  
  44  5:04  Medivac  
  44  5:05  Marauder  
  48  5:09  Marine  
  48  5:11  Command Center  
  49  5:18  Engineering Bay  
  49  5:27  Marauder  
  49  5:28  Marauder  
  53  5:39  Supply Depot  
  53  5:44  Terran Infantry Armor Level 1  
  53  5:48  Marauder  
  53  5:49  Marauder  
  57  6:00  Engineering Bay  
  57  6:09  Barracks  
  57  6:10  Marauder  
  59  6:12  Concussive Shells  
  59  6:14  Marine  
  60  6:25  SCV  
  60  6:26  Terran Infantry Weapons Level 1  
  60  6:27  SCV  
  60  6:31  Marauder  
  60  6:32  Marine  
  65  6:38  SCV  
  65  6:39  SCV  
  67  6:48  Factory Tech Lab  
  67  6:50  SCV, Marauder  
  70  6:56  Supply Depot, Barracks Reactor  
  70  6:57  SCV  
  71  7:02  SCV  
  72  7:09  SCV  
  72  7:10  Siege Tank  
  72  7:11  Refinery  
  72  7:14  SCV  
  77  7:21  SCV  
  78  7:24  Supply Depot  
  78  7:26  SCV  
  78  7:33  SCV  
  78  7:34  Refinery, Command Center  
  79  7:38  SCV  
  79  7:42  Siege Tank  
  83  7:47  Orbital Command  
  83  7:50  SCV  
  84  7:56  Supply Depot  
  84  8:02  Missile Turret, SCV  
  85  8:06  Missile Turret  
  85  8:14  Siege Tank, SCV  
  85  8:16  SCV, Barracks  
  90  8:26  SCV  
  91  8:29  Supply Depot  
  91  8:30  SCV  
  92  8:39  SCV  
  92  8:40  Armory  
  93  8:46  Siege Tank, SCV  
  93  8:48  Marine  
  90  8:51  Marine  
  90  8:54  Marine  
  72  8:56  Marine  
  61  9:04  SCV  
  61  9:06  SCV, Marine  
  61  9:07  Marine  
  67  9:10  Marauder  
  67  9:11  Marine  
  67  9:14  Marine  
  69  9:18  SCV  
  69  9:20  SCV  
  69  9:21  SCV  
  72  9:24  Marauder  
  72  9:25  Marine  
  72  9:27  Terran Infantry Weapons Level 2  
  72  9:29  Marine  
  72  9:30  SCV, Marine  
  78  9:32  SCV  
  78  9:33  Marine  
  78  9:35  SCV  
  81  9:42  SCV  
  81  9:43  Marine  
  81  9:44  SCV  
  81  9:45  Marine  
  84  9:47  SCV, Marine  
  84  9:49  Marauder  
  84  9:51  Marine  
  90  9:54  SCV  
  90  9:56  SCV  
  90  9:59  SCV  
  93  10:01  Marine  
  93  10:03  Marine  
  93  10:05  Marine  
  93  10:06  SCV  
  97  10:08  SCV, Marine  
  97  10:10  Marauder  
  102  10:18  SCV  
  102  10:20  SCV  
  99  10:21  Marauder  
  90  10:30  SCV  
  90  10:31  Marauder  
  90  10:34  Marine  
  93  10:37  Marine  
  93  10:38  Siege Tank  
  93  10:42  Supply Depot, SCV  
  99  10:43  Marauder  
  89  10:53  Marauder  
  54  11:04  Marauder  
  54  11:05  Command Center  
  54  11:10  Siege Tank  
  52  11:24  Marine  
  53  11:27  Command Center  
  53  11:28  Marine  
  53  11:30  Marine  
  55  11:34  Marine  
  55  11:36  Marine  
  57  11:42  Marine, SCV  
  57  11:46  Marine  
  60  11:52  Hellion  
  62  11:58  Marine  
  63  12:02  Marine  
Tags
 
Composition
Roach Hydra
Matchup
TvZ
Add a new tag
Caveats
  • Supply blocks, unpowered buildings, or Contaminate may cause inaccurate times.
  • Supply counts are checked every 10 seconds.